 Dungeon Sprint DCSS version 0.32-a0-779-g362cfcae2a (webtiles) character file.

Game seed: 6969664857148852831

4 rocky1 the Slasher (level 1, -1/17 HPs)
             Began as a Coglin Gladiator on Mar 19, 2024.
             Slain by an iguana (6 damage)
             ... in the Dungeon (Sprint IX: "|||||||||||||||||||||||||||||").
             The game lasted 00:00:04 (19 turns).

rocky1 the Slasher (Coglin Gladiator)                 Turns: 19, Time: 00:00:05

Health: -1/17      AC:  4    Str: 14    XL:     1   Next: 60%
Magic:  1/1        EV: 11    Int:  7    God:
Gold:   0          SH:  0    Dex: 15    Spells: 0/0 levels left

rFire   . . .        a - +0 long sword {Hong}
rCold   . . .        f - +0 dagger {Suchat}
rNeg    . . .        b - +0 leather armour
rPois   .            c - +0 helmet
rElec   .            (no cloak)
rCorr   .            (no gloves)
SInv    .            (no boots)
Will    .....        (amulet unavailable)
Stlth   +            (ring unavailable)
HPRegen 0.22/turn    (ring unavailable)
MPRegen 0.07/turn    (no gizmo)

%: no teleportation
@: revved
A: off-hand wielding, slow wielding, warmup strikes, no jewellery
a: Invent Gizmo


You were in the Dungeon.
You visited 1 branch

Inventory:

Hand Weapons
 a - a +0 long sword (weapon) {Hong}
 f - a +0 dagger (offhand) {Suchat}
Missiles
 d - 3 throwing nets (quivered)
 e - a javelin
Armour
 b - a +0 leather armour (worn)
 c - a +0 helmet (worn)
Scrolls
 l - a scroll of blinking
Potions
 g - a potion of curing
 h - a potion of heal wounds
 i - a potion of haste
 j - 2 potions of magic
 k - a potion of berserk rage


   Skills:
 + Level 2.4 Fighting
 + Level 3.5 Long Blades
 + Level 2.1 Throwing
 + Level 3.0 Dodging


You couldn't memorise any spells.
You didn't know any spells.
Your spell library was empty.

Dungeon Overview and Level Annotations

Branches:
Dungeon (1/1)

Altars:


Innate Abilities, Weirdness & Mutations

You can wield a second weapon in your off-hand.
It takes a long time for you to wield or remove held weapons.
Your first few attacks do less damage.
You cannot equip rings or amulets.


Message History

You slash the ball python with your +0 long sword!
You kill the ball python!
Your Dodging skill increases to level 3!
You hit the frilled lizard but do no damage.
You slash the frilled lizard with your +0 long sword!
You kill the frilled lizard!
The kobold hits you with a +0 whip.
There is an open door to the Dungeon here.
Things that are here:
a frilled lizard corpse; a ball python corpse You hit the kobold but do no damage.
You closely miss the kobold with your +0 dagger.
The kobold hits you with a +0 whip.
You hit the kobold but do no damage. You hit the kobold with your +0 dagger.
You kill the kobold!
You miss the frilled lizard with your +0 long sword.
You hit the frilled lizard with your +0 dagger.
You kill the frilled lizard!
Your Throwing skill increases to level 2!
You hit the ball python with your +0 dagger.
The ball python is moderately wounded.
You hit the ball python with your +0 long sword.
You kill the ball python!
Things that are here:
a +0 whip; a ball python corpse; a frilled lizard corpse You open the door.
A phantom, an orc wizard, 2 adders and an iguana come into view.
The adder hisses angrily.
The iguana hisses angrily.
The iguana bites you!
Ouch! That really hurt!
* * * LOW HITPOINT WARNING * * *
There is an open door, spattered with blood here.
You barely miss the iguana with your +0 dagger.
You slash the iguana with your +0 long sword!
You hit the iguana with your +0 long sword.
The iguana is severely wounded.
You closely miss the iguana with your +0 dagger.
The iguana bites you.
You die... ▓▓▓▓▓▓▓▓▓▓▓▓▓▓▓▓▓▓ +WoSSl@....)†...<▓ ▓▓▓▓▓▓▓▓▓▓▓▓▓▓▓▓▓▓

You could see a phantom, an iguana, an orc wizard and 2 adders.

Vanquished Creatures
  2 ball pythons (D)
  2 frilled lizards (D)
  A kobold (D)
5 creatures vanquished.

Notes
Turn   | Place    | Note
-------+----------+-------------------------------------------
     0 | D        | rocky1 the Coglin Gladiator began the quest for the Orb.
     0 | D        | Reached XP level 1. HP: 16/16 MP: 1/1
    16 | D        | Noticed a phantom
    16 | D        | Noticed an orc wizard
    16 | D        | Noticed an iguana
    19 | D        | Slain by an iguana

Illustrated notes

Levels and vault maps discovered:
D:        linesprint [early_d, line_temple, items_1, d_10, items_2, lair_1,
          lair_end, items_3, orc_1, orc_end, items_4, d_15, swamp_1, shoals_1,
          snake_1, spider_1, d_20, vaults_1, items_5, swamp_end, shoals_end,
          snake_end, spider_end, vaults_end, d_27, items_6, zot_1, zot_end,
          crypt_end, forest_end, elf_end, slime_end, tomb_end, abyss_end,
          pan_hell_end]

Skill      XL: |  1 |
---------------+----+-----
Dodging        | 3 |  3.0
Throwing       | 2 |  2.1
Fighting       | |  2.4
Long Blades    | |  3.5

Action                     || total
---------------------------++-------
  Melee: Long sword        ||     8
         Dagger            ||     7
 Armour: Leather armour    ||     4

Table legend: (Time is in decaauts)
 A = Elapsed time spent in this place.
 B = Non-inter-level travel time spent in this place.
 C = Inter-level travel time spent in this place.
 D = Time resting spent in this place.
 E = Time spent auto-exploring this place.
 F = Levels seen in this place.
 G = Mean time per level.
                   A        B        C        D        E       F      G
               +--------+--------+--------+--------+--------+-----+--------+
         Total |     19 |     19 |      0 |      0 |      0 |   1 |   19.0 |
       Dungeon |     19 |     19 |      0 |      0 |      0 |   1 |   19.0 |
               +--------+--------+--------+--------+--------+-----+--------+

Top non-repeatable levels by time:
       D: 19 daAuts
